 Dungeon Crawl Stone Soup version 0.19.0-9-gfd783f2 (webtiles) character file.

807 Endymion the Shield-Bearer (level 7, 9/60 HPs)
             Began as a Minotaur Fighter on Nov 7, 2016.
             Quit the game on level 6 of the Dungeon on Nov 8, 2016.
             The game lasted 00:39:16 (4183 turns).

Endymion the Shield-Bearer (Minotaur Fighter)       Turns: 4183, Time: 00:39:17

Health: 9/60       AC: 10    Str: 20    XL:     7   Next: 60%
Magic:  6/6        EV:  8    Int:  5    God:
Gold:   369        SH: 10    Dex: 12    Spells: 0 memorised, 6 levels left

rFire  . . .     SeeInvis .     a - +1 long sword
rCold  . . .     Gourm    .     l - +0 scale mail
rNeg   . . .     Faith    .     c - +0 shield
rPois  +         Spirit   .     (helmet restricted)
rElec  .         Reflect  .     (no cloak)
rCorr  .         Harm     .     e - +0 pair of gloves
MR     .....                    A - +0 pair of boots
Stlth  ..........               n - amulet of rage
                                (no ring)
                                (no ring)

@: no status effects
A: retaliatory headbutt, horns 2, poison resistance
a: Evoke Berserk Rage


You were on level 6 of the Dungeon.
You were hungry.

You visited 1 branch of the dungeon, and saw 6 of its levels.

You collected 369 gold pieces.

Inventory:

Hand Weapons
 a - a +1 long sword (weapon)
 b - a +2 hunting sling of freezing
 w - the +9 flail "Xaniorem" {crush, *Drain rElec Dex+2, unknown}
   (You found it on level 6 of the Dungeon)

   It inflicts extra damage upon your enemies.
   It affects your dexterity (+2).
   It insulates you from electricity.
   It causes draining when unequipped.
Missiles
 k - 171 stones (quivered)
 s - 6 curare-tipped needles
 F - 21 sling bullets
Armour
 c - a +0 shield (worn)
 e - a +0 pair of gloves (worn)
 h - a +0 large shield
 i - a +0 plate armour
 l - a +0 scale mail (worn)
 r - a +0 shield
 v - a +0 cloak
 A - a +0 pair of boots (worn)
Jewellery
 n - an amulet of rage (around neck)
Wands
 y - a wand of enslavement (19/24)
Scrolls
 m - 2 scrolls of remove curse
Potions
 d - 2 potions of might
 g - 2 potions of flight
 j - 2 potions of berserk rage
 t - 2 potions of agility {unknown}
 u - 2 potions of curing
 z - 2 potions of haste
Comestibles
 f - 5 bread rations
 o - 3 fruits
 p - 3 meat rations
 q - a royal jelly
 x - 2 beef jerkies


   Skills:
 + Level 4.6 Fighting
 + Level 5.2 Long Blades
 + Level 2.7(2.8) Slings
 + Level 0.4(1.5) Throwing
 * Level 6.3 Armour
 + Level 0.9 Dodging
 * Level 6.7 Shields


You had 6 spell levels left.
You didn't know any spells.

Dungeon Overview and Level Annotations

Branches:
Dungeon (6/15)
 Temple: D:4-7

Altars:
Cheibriados
Dithmenos
Gozag
Uskayaw
Zin
The Shining One

Shops:
D:4 %


Innate Abilities, Weirdness & Mutations

You reflexively headbutt those who attack you in melee.
You have a pair of horns on your head.
Your system is resistant to poisons. (rPois)


Message History

The troll bites you! The troll barely misses you. The troll claws you.
You slash the troll!
The troll is severely wounded.
The troll bites you but does no damage. You block the troll's attack.
The troll claws you.
You closely miss the troll. Your headbutt misses the troll.
The troll is severely wounded.
The troll bites you!
* * * LOW HITPOINT WARNING * * *
You block the troll's attack. The troll claws you!
* * * LOW HITPOINT WARNING * * *
Evoke which item? (* to show all) (? for menu, Esc to quit)
Zapping:
y - a wand of enslavement {recharged} (will waste charges)
Press: ? - help, Shift-Dir - straight line, f/p - troll
Aim: a troll (severely wounded, chance to defeat MR: 46%)
The troll is charmed.
Evoking this partially-identified wand wasted a few charges.
You swap places.
You swap places.
Are you sure you want to abandon this character and quit the game? (Confirm with "yes".)

#.####### #.......
#.# ########
#####.### #.......#
#.#.###.# #.###.####
#........# #####T##.#
#@.#.##########
#..#.##........ #.
##.#.##........ #.
#.#.##..$..... #.
#.#.##........
#.######.#.##.^......
#.#......#.##........
#.#.######...........
#.#.#########........


You could see a friendly troll.

Vanquished Creatures
  An ogre (D:4)
  2 bullfrogs
  2 scorpions
  3 orc wizards (D:3)
  2 orc priests (D:3)
  A bullfrog skeleton (D:6)
  2 iguanas
  2 worker ants (D:4)
  3 gnolls (D:4)
  5 adders
  An ooze (D:2)
  An adder skeleton (D:4)
  5 worms
  3 dart slugs
  A leopard gecko (D:2)
  14 orcs
  10 bats
  4 giant cockroaches
  12 goblins
  16 hobgoblins
  10 jackals
  2 quokkas
  2 frilled lizards
  9 kobolds
  A leopard gecko zombie (D:4)
  A quokka skeleton (D:4)
  6 rats
121 creatures vanquished.

Notes
Turn   | Place    | Note
-------+----------+-------------------------------------------
     0 | D:1      | Endymion the Minotaur Fighter began the quest for the Orb.
     0 | D:1      | Reached XP level 1. HP: 19/19 MP: 0/0
   227 | D:1      | Reached XP level 2. HP: 27/27 MP: 1/1
   421 | D:1      | Reached XP level 3. HP: 26/33 MP: 2/2
   879 | D:2      | Reached XP level 4. HP: 33/40 MP: 3/3
  1690 | D:3      | Reached XP level 5. HP: 46/46 MP: 4/4
  1830 | D:3      | Reached skill level 1 in Slings
  1832 | D:3      | Found an opulent altar of Gozag.
  1846 | D:3      | Found a snail-covered altar of Cheibriados.
  1862 | D:3      | Reached skill level 5 in Armour
  1892 | D:3      | Reached skill level 5 in Shields
  2070 | D:3      | Reached XP level 6. HP: 36/52 MP: 5/5
  2729 | D:3      | Found a glowing silver altar of Zin.
  2805 | D:3      | Found a hide-covered altar of Uskayaw.
  3148 | D:4      | Reached XP level 7. HP: 51/60 MP: 6/6
  3178 | D:4      | Found Vohegiat's Food Shoppe.
  3273 | D:4      | Found a shadowy altar of Dithmenos.
  3308 | D:4      | Reached skill level 5 in Long Blades
  3589 | D:4      | Found a glowing golden altar of the Shining One.
  3870 | D:5      | Entered Level 5 of the Dungeon
  3979 | D:4      | Gained mutation: Your system is resistant to poisons. (rPois) [potion of beneficial mutation]
  4130 | D:6      | Got a dazzling flail
  4134 | D:6      | Noticed a troll
  4183 | D:6      | Quit the game

Skill      XL: |  1  2  3  4  5  6  7 |
---------------+----------------------+-----
Armour         | 4 5 6 |  6.3
Shields        | 4 5 6 |  6.7
Long Blades    | 3 4 5 |  5.2
Fighting       | 4 |  4.6
Slings         | 1 2 |  2.7
Throwing       | |  0.4
Dodging        | |  0.9

Action                   |  1- 3 |  4- 6 |  7- 9 || total
-------------------------+-------+-------+-------++-------
Melee: Long sword        |    82 |   152 |    50 ||   284
       Headbutt          |    13 |    26 |    12 ||    51
 Fire: Hunting sling     |       |    39 |    29 ||    68
Throw: Stone             |     9 |       |       ||     9
Evoke: Wand              |       |       |     1 ||     1
  Use: Scroll            |     5 |       |     9 ||    14
       Potion            |       |       |     1 ||     1
  Eat: Chunk             |       |     7 |     3 ||    10
Armor: Scale mail        |    32 |    44 |    17 ||    93
Dodge: Dodged            |    20 |    22 |    23 ||    65
Block: Shield            |    28 |    65 |    26 ||   119
       Rpst.: Long sword |     4 |     5 |     4 ||    13
